Map: Cyber Forest LE

Players

SandboX - Winner!

  • Race: Zerg Zerg
  • Spawn Location: 5:00

VOD

Have the link to the VOD?

Description

Time

  • Played on: Aug. 10, 2019, 1:01 p.m.
  • Length: 21:29
Show
View Real Time Build Order
Export as new Build Order

SandboX Zerg - Winner!

Build Orders:  

Get SALT Encoding   

  12  0:02  Drone  
  13  0:15  Drone  
  14  0:23  Overlord  
  14  0:54  Drone x2  
  14  0:55  Drone  
  17  1:15  Hatchery  
  16  1:24  Drone  
  16  1:26  Drone  
  16  1:29  Extractor  
  17  1:53  Drone  
  17  1:55  Drone  
  19  2:10  Overlord  
  19  2:36  Spawning Pool  
  19  2:39  Drone  
  19  2:46  Drone  
  20  2:57  Drone x2  
  22  3:10  Drone  
  22  3:13  Drone  
  24  3:26  Drone x2  
  26  3:42  Zergling x4  
  26  3:47  Queen x2  
  32  4:04  Drone  
  32  4:08  Drone  
  34  4:11  Hatchery  
  33  4:22  Drone x2  
  35  4:33  Drone  
  35  4:35  Metabolic Boost  
  35  4:38  Overlord  
  36  5:10  Drone x4  
  36  5:13  Overlord  
  36  5:14  Overlord  
  40  5:28  Drone x4  
  44  5:31  Overlord x2  
  44  5:40  Roach Warren  
  44  5:46  Extractor  
  40  5:50  Extractor  
  40  5:54  Drone x5  
  44  6:12  Queen  
  46  6:43  Evolution Chamber  
  46  6:45  Evolution Chamber  
  44  6:55  Extractor  
  44  6:58  Extractor  
  42  7:09  Extractor  
  41  7:11  Lair  
  41  7:12  Drone x17  
  58  7:45  Drone x4  
  58  7:46  Drone x6  
  58  7:47  Overlord x2  
  58  7:48  Overlord  
  68  7:59  Zerg Ground Armor Level 1, Zerg Missile Weapons Level 1  
  68  8:18  Glial Reconstitution  
  68  8:21  Hydralisk Den  
  67  8:30  Roach x5  
  67  8:31  Roach x3  
  83  8:44  Overlord  
  83  8:45  Overlord x4  
  83  8:47  Roach  
  85  9:00  Drone x3  
  85  9:01  Drone x3  
  91  9:20  Roach x8  
  107  9:55  Roach x6  
  107  9:56  Roach x8  
  107  9:59  Overlord  
  135  10:46  Overlord  
  135  10:47  Overlord x3  
  135  10:49  Hydralisk  
  137  10:50  Hydralisk x4  
  137  10:55  Zerg Ground Armor Level 2, Zerg Missile Weapons Level 2  
  145  11:03  Overlord x3  
  145  11:04  Overlord  
  137  11:21  Hydralisk x7  
  127  11:39  Roach x4  
  117  11:40  Roach  
  117  11:48  Hatchery  
  106  12:06  Hydralisk x7  
  120  12:33  Queen  
  120  12:39  Unknown  
  122  12:46  Infestation Pit  
  121  13:19  Hydralisk x2  
  125  13:20  Hydralisk x16  
  125  13:27  Overlord  
  157  13:42  Roach x9  
  175  14:03  Roach x6  
  187  14:15  Roach x5  
  187  14:19  Unknown  
  197  14:29  Hive  
  194  15:17  Roach x6  
  194  15:18  Roach x8  
  192  15:27  Roach  
  192  15:28  Roach x6  
  140  15:45  Infestor  
  140  15:49  Queen  
  140  16:17  Roach x7  
  140  16:18  Roach x11  
  176  16:23  Hatchery  
  175  17:02  Queen  
  175  17:05  Hydralisk x5  
  175  17:06  Hydralisk x6  
  157  17:36  Roach x11  
  157  17:37  Roach  
  159  17:54  Roach x6  
  149  18:14  Roach x7  
  147  18:34  Pathogen Glands  
  147  18:45  Roach  
  147  18:46  Roach x4  
  143  19:19  Drone  
  144  19:20  Drone x5  
  144  19:21  Drone x5  
  154  19:47  Roach x11  
  154  19:48  Roach x7  
  178  20:16  Hydralisk x6  
  178  20:17  Hatchery  
  181  20:38  Extractor  
  174  20:42  Extractor  
  174  20:44  Extractor  
  174  20:45  Extractor  
Tags
 
Add a new tag
Caveats
  • Supply blocks, unpowered buildings, or Contaminate may cause inaccurate times.
  • Supply counts are checked every 10 seconds.